 Dungeon Crawl Stone Soup version 0.30-a0-591-g3c58d2bc28 (webtiles) character file.

Game seed: 15313416051835096637

447 Newt the Covered (level 6, -1/72 HPs)
             Began as a Demonspawn Gladiator on Jan 4, 2023.
             Was an Initiate of Yredelemnul.
             Slain by a jackal (2 damage)
             ... in a sewer.
             The game lasted 00:04:49 (3294 turns).

Newt the Covered (Demonspawn Gladiator)             Turns: 3294, Time: 00:04:49

Health: -1/72      AC: 23    Str: 16    XL:     6   Next: 73%
Magic:  6/6        EV:  2    Int: 10    God:    Yredelemnul [......]
Gold:   93         SH:  0    Dex: 14    Spells: 5/5 levels left

rFire   . . .      SeeInvis .    a - +0 rapier
rCold   . . .      Faith    +    (no shield)
rNeg    . . .      Spirit   .    (body armour currently unavailable)
rPois   +          Reflect  .    (helmet currently unavailable)
rElec   .          Harm     .    (cloak currently unavailable)
rCorr   .          Rampage  .    (gloves currently unavailable)
Will    .....      NoTele   +    (boots currently unavailable)
Stlth   ++                       r - amulet of faith
HPRegen 0.32/turn                (no ring)
MPRegen 0.10/turn                (no ring)

@: lethally poisoned (-1 -> -2), tree-form, very slow
A: stationary, stasis, torment immunity, boosted hp, foul stench 1, (weakness
stinger 1)
a: Renounce Religion, Recall Undead Harvest


You were in a sewer.
You worshipped Yredelemnul.
Yredelemnul was noncommittal.
You were a tree.
You visited 1 branch of the dungeon, and saw 4 of its levels.
You also visited: Sewer.

You collected 145 gold pieces.
You spent 52 gold pieces at shops.

Inventory:

Hand Weapons
 a - a +0 rapier (weapon)
 j - a +0 hand axe
Missiles
 d - 3 throwing nets (quivered)
 e - a javelin
 i - 2 poisoned darts
Armour
 b - a +0 leather armour
 c - a +0 helmet (melded)
 m - a +1 scale mail (melded)
Jewellery
 h - an amulet of magic regeneration
 r - an amulet of faith (around neck)
Wands
 k - a wand of light (12)
Scrolls
 o - a scroll of noise
 q - a scroll of fear
 s - a scroll of torment {unknown}
Potions
 g - a potion of cancellation
 l - 2 potions of might
 n - a potion of lignification
 p - a potion of berserk rage


   Skills:
 - Level 4.0 Fighting
 - Level 2.6 Short Blades
 - Level 3.0 Throwing
 + Level 4.3 Armour
 - Level 2.6 Dodging
 - Level 2.0 Stealth


You had 5 spell levels left.
You didn't know any spells.
Your spell library contained the following spells:

 Spells                   Type           Power      Damage    Failure   Level
 Shock                    Conj/Air       0%         1d3       36%         1
 Swiftness                Air            0%         N/A       75%         3
 Airstrike                Air            0%         2d(0-16)  98%         4


Dungeon Overview and Level Annotations

Branches:
Dungeon (4/15)              Sewer (1/1)
 Temple: D:4-7

Altars:
Cheibriados
Qazlal
Yredelemnul

Shops:
D:1 [   D:3 =[?((   D:4 :


Innate Abilities, Weirdness & Mutations

You are a tree.
Your roots penetrate the ground, keeping you stationary.
You cannot be teleported.
You are immune to unholy pain and torment.
Your maximum health is greatly increased.
Your equipment is partially melded.
You may rarely emit foul miasma when damaged in melee.
((You have a small tail.))


Message History

The jackal barely misses you.
You enter the shallow water.
Moving in this stuff is going to be slow.
The kobold brigand throws a poisoned dart.
The poisoned dart hits you!
You are lethally poisoned!
The jackal attacks as you move away! The jackal closely misses you.
* * * LOW HITPOINT WARNING * * *
You feel very sick. The jackal barely misses you.
The jackal attacks as you move away! The jackal closely misses you.
* * * LOW HITPOINT WARNING * * *
You feel very sick.
Really quaff the potion of lignification?
You turn into a tree.
Your +0 helmet melds into your body.
Your +1 scale mail melds into your body.
Your roots penetrate the ground.
You feel sick. The jackal bites you.
* * * LOW HITPOINT WARNING * * *
The jackal barely misses you.
Aiming: Bolt of Light
Press: ? - help, Shift-Dir - straight line, f - kobold
Aim: a kobold, wielding a +0 dagger and quivering poisoned darts (64% to hit)
The bolt of light misses the jackal.
The bolt of light misses the kobold brigand.
The bolt of light hits the kobold!
You kill the kobold!
You hear a splash. x2
* * * LOW HITPOINT WARNING * * *
You feel sick.
The jackal bites you but does no damage.
You completely miss the jackal.
* * * LOW HITPOINT WARNING * * *
You feel sick.
The jackal bites you but does no damage.
The jackal splashes around in the water.
You hit the jackal but do no damage.
* * * LOW HITPOINT WARNING * * *
You feel sick. The jackal bites you.
You die...
Your body rises from the dead as a mindless zombie.

#...~~..# #).~~~..#
#.~≈≈≈~~# #~~≈≈≈~~#
#~~≈≈≈~.# #.K~≈~~.#
#.~~≈~~.#
###################..~≈~.~#
~~~~~~~~~~~~~~~~♣hKK~~≈~~.#
###################~.~≈~..#
##.~≈~~## #.~≈~.# #.≈≈~.###
#.~≈~..∩# #.~≈~.### #.~≈~.#
##~≈~##


You could see a kobold brigand, a jackal and a kobold.

Vanquished Creatures
  A human (D:3)
  A kobold brigand (Sewer)
  A howler monkey (D:4)
  A human zombie (D:3)
  A hound (D:4)
  2 river rats
  5 adders
  3 worms
  3 dart slugs
  5 ball pythons
  4 bats (D:2)
  5 endoplasms
  A giant cockroach (D:1)
  5 goblins
  8 hobgoblins
  5 jackals
  A quokka (D:4)
  A frilled lizard (D:1)
  A jackal zombie (D:3)
  7 kobolds
  7 rats
68 creatures vanquished.

Vanquished Creatures (collateral kills)
  A worm (D:4)
  A dart slug (D:4)
  A goblin (D:4)
  4 rats (D:4)
7 creatures vanquished.

Vanquished Creatures (others)
  An adder zombie (D:4)
  A goblin zombie (D:4)
  A hobgoblin zombie (D:4)
  A quokka zombie (D:4)
  A rat zombie (Sewer)
5 creatures vanquished.

Grand Total: 80 creatures vanquished

Notes
Turn   | Place    | Note
-------+----------+-------------------------------------------
     0 | D:1      | Newt the Demonspawn Gladiator began the quest for the Orb.
     0 | D:1      | Reached XP level 1. HP: 16/16 MP: 1/1
    57 | D:1      | Reached skill level 1 in Stealth
   156 | D:1      | Gained mutation: You may rarely emit foul miasma when
                  | damaged in melee. [demonic ancestry]
   156 | D:1      | Reached XP level 2. HP: 10/22 MP: 2/2
   228 | D:1      | Found Baocwaef's Armour Shop.
  1319 | D:2      | Reached XP level 3. HP: 28/28 MP: 3/3
  1372 | D:2      | Found a faded altar of an unknown god.
  2225 | D:3      | Found Diere's Jewellery Shoppe.
  2267 | D:3      | Found a runed translucent door.
  2278 | D:3      | Noticed a human
  2299 | D:3      | Reached XP level 4. HP: 23/37 MP: 4/4
  2332 | D:3      | Found a basalt altar of Yredelemnul.
  2387 | D:3      | Killed a human
  2388 | D:3      | Reached XP level 5. HP: 18/42 MP: 5/5
  2401 | D:3      | Became a worshipper of Yredelemnul the Dark
  2485 | D:3      | Found Tonon's Weapon Shop.
  2620 | D:3      | Found Litefop Kyhu's Magic Scroll Shoppe.
  2623 | D:3      | Found Ymevvagi's Weapon Emporium.
  2623 | D:3      | Found Jymod's Antique Armour Shoppe.
  2639 | D:3      | Bought a scroll of identify for 26 gold pieces
  2639 | D:3      | Bought a scroll of identify for 26 gold pieces
  2645 | D:3      | Found a stormy altar of Qazlal.
  2742 | D:3      | Found a snail-covered altar of Cheibriados.
  3049 | D:4      | Reached * piety under Yredelemnul
  3097 | D:4      | Found Giyrchou's Tremendous Tomes.
  3108 | D:4      | Gained mutation: You have a small tail. [demonic ancestry]
  3108 | D:4      | Reached XP level 6. HP: 47/48 MP: 6/6
  3155 | D:4      | Found a glowing drain.
  3173 | D:4      | Reached ** piety under Yredelemnul
  3177 | D:4      | Reached *** piety under Yredelemnul
  3194 | Sewer    | Entered a sewer
  3280 | Sewer    | HP: 2/48 [kobold brigand/+0 dagger (6)]
  3292 | Sewer    | HP: 3/72 [poisoned by a kobold brigand]
  3294 | Sewer    | HP: 1/72 [poisoned by a kobold brigand]
  3294 | Sewer    | Slain by a jackal

Illustrated notes

Levels and vault maps discovered:
D:1:      grunt_arrival_crossed_arrows, layout_basic, serial_shops,
          nicolae_shop_behind_doors
D:2:      layout_loops_ring, hellmonk_ecumenical_altar_zigzags
D:3:      layout_basic, kennysheep_slug_shrine, dk_yredelemnul_ordeal,
          nicolae_elyvilon_peaceful_grove, mainiacjoe_overflow_tiny_flanked,
          serial_shops, nicolae_shop_advertising_works
          [nicolae_subvault_shop_adworks], shop, shop, shop, shop
D:4:      layout_basic, portal_sewer_entry_b, nicolae_shop_i_like_big_books,
          kennysheep_another_room, minmay_starry_boxes
Sewer:    sewer_kobolds

Skill      XL: |  1  2  3  4  5  6 |
---------------+-------------------+-----
Stealth        | 1 2 |  2.0
Fighting       | 3 4 |  4.0
Throwing       | 3 |  3.0
Armour         | 2 4 |  4.3
Short Blades   | |  2.6
Dodging        | |  2.6

Action                   |  1- 3 |  4- 6 || total
-------------------------+-------+-------++-------
Melee: Rapier            |   156 |   142 ||   298
       Punch             |     2 |     2 ||     4
       Tailslap          |       |     7 ||     7
Invok: Recall Undead Har |       |     1 ||     1
       Stop Recall       |       |     1 ||     1
Evoke: Wand              |       |     1 ||     1
  Use: Scroll            |     4 |     7 ||    11
       Potion            |     1 |     2 ||     3
 Stab: Distracted        |       |     1 ||     1
Armor: Leather armour    |    16 |       ||    16
       Scale mail        |    49 |    75 ||   124
       Skin              |       |     2 ||     2
Dodge: Dodged            |    93 |    73 ||   166

Table legend: (Time is in decaauts)
 A = Elapsed time spent in this place.
 B = Non-inter-level travel time spent in this place.
 C = Inter-level travel time spent in this place.
 D = Time resting spent in this place.
 E = Time spent auto-exploring this place.
 F = Levels seen in this place.
 G = Mean time per level.
                   A        B        C        D        E       F      G
               +--------+--------+--------+--------+--------+-----+--------+
         Total |   3339 |   3260 |     79 |    323 |   2198 |   5 |  667.8 |
       Dungeon |   3219 |   3140 |     79 |    323 |   2134 |   4 |  804.8 |
         Sewer |    120 |    120 |      0 |      0 |     64 |   1 |  120.0 |
               +--------+--------+--------+--------+--------+-----+--------+

Top non-repeatable levels by time:
     D:2: 1402 daAuts
     D:1: 827 daAuts
     D:3: 812 daAuts
     D:4: 177 daAuts
   Sewer: 120 daAuts
